 Dungeon Crawl Stone Soup version 0.32-a0-630-g46d191b0ed (webtiles) character file.

Game seed: 2139040176383296993

135 mainiacjoe the Ruffian (level 4, 0/37 HPs)
             Began as a Draconian Shapeshifter on Mar 6, 2024.
             Slain by Robin
             ... wielding a +0 mace
              (4 damage)
             ... on level 3 of the Dungeon.
             The game lasted 00:04:04 (1809 turns).

mainiacjoe the Ruffian (Draconian Shapeshifter)     Turns: 1809, Time: 00:04:05

Health: 0/37       AC:  5    Str: 19    XL:     4   Next: 96%
Magic:  4/4        EV: 12    Int: 10    God:
Gold:   98         SH:  0    Dex: 10    Spells: 3/3 levels left

rFire   . . .        b - +0 sling
rCold   . . .        (no shield)
rNeg    . . .        (body armour unavailable)
rPois   .            (helmet currently unavailable)
rElec   .            (cloak currently unavailable)
rCorr   .            (gloves currently unavailable)
SInv    .            (boots currently unavailable)
Will    .....        (no amulet)
Stlth   +            (no ring)
HPRegen 0.26/turn    (no ring)
MPRegen 0.09/turn

%: no passive effects
@: mighty, beast-form
A: beast (slay +2), AC +5, unfitting armour, cold-blooded
a: Begin Untransformation


You were on level 3 of the Dungeon.
You were a hulking beast.
You visited 1 branch of the dungeon, and saw 3 of its levels.

You collected 98 gold pieces.

Inventory:

Hand Weapons
 b - a +0 sling (weapon)
Jewellery
 i - an amulet of magic regeneration
Talismans
 c - a flux talisman
 g - a beast talisman (active)
Scrolls
 d - a scroll of fog
Potions
 e - a potion of curing
 f - a potion of resistance {unknown}


   Skills:
 + Level 2.6 Fighting
 - Level 1.7 Dodging
 * Level 4.5 Unarmed Combat
 + Level 3.7 Shapeshifting


You had 3 spell levels left.
You didn't know any spells.
Your spell library contained the following spells:

 Spells                   Type           Power      Damage    Failure   Level
 Kiss of Death            Conj/Necr      0%         2d5       36%         1
 Confusing Touch          Hex            0%         N/A       75%         3
 Tukima's Dance           Hex            0%         N/A       75%         3
 Dispel Undead            Necr           0%         3d6       98%         4
 Passage of Golubria      Tloc           0%         N/A       98%         4
 Yara's Violent Unravell  Hex/Alch       0%         3d3       100%        5


Dungeon Overview and Level Annotations

Branches:
Dungeon (3/15)

Altars:
Cheibriados
Elyvilon
Nemelex Xobeh
The Shining One

Annotations:
D:3 Robin


Innate Abilities, Weirdness & Mutations

You are a hulking beast.
Your limbs bulge with bestial killing power. (Slay +2)
Your plain brown scales are hard. (AC +5)
You cannot fit into any form of body armour.
You are cold-blooded and may be slowed by cold attacks.


Message History

The goblin barely misses you. x2; The hobgoblin hits you.
The goblin barely misses you.
You shoot a sling bullet. The sling bullet hits Robin.
Robin is moderately wounded.
The goblin closely misses you. The goblin hits you but does no damage.
The goblin completely misses you. Robin barely misses you.
The hobgoblin misses you. The goblin misses you.
The goblin hits you with a +0 club. The hobgoblin misses you.
The goblin hits you with a +0 club.
Robin roars a battlecry!
The goblins go into a battle-frenzy!
The goblin misses you. The goblin closely misses you.
You shoot a sling bullet. The sling bullet hits the goblin!
You kill the goblin!
The goblin hits you with a +0 club. The goblin hits you with a +0 dagger.
The goblin hits you but does no damage. The hobgoblin barely misses you.
Robin hits you but does no damage.
You are too injured to fight recklessly!
You are too injured to fight recklessly!
You are too injured to fight recklessly!
You are too injured to fight recklessly!
You shoot a sling bullet. The sling bullet barely misses Robin.
The goblin closely misses you. The goblin hits you with a +0 dagger.
Robin hits you with a +0 mace. The goblin hits you with a +0 dagger.
* * * LOW HITPOINT WARNING * * *
The hobgoblin barely misses you.
Robin laughs in a distinctly smug fashion.
Robin hits you with a +0 mace.
* * * LOW HITPOINT WARNING * * *
The goblin hits you but does no damage. The goblin hits you with a +0 dagger.
* * * LOW HITPOINT WARNING * * *
The goblin closely misses you.
Okay, then.
You feel very mighty all of a sudden. The goblin hits you but does no damage.
The hobgoblin hits you.
* * * LOW HITPOINT WARNING * * *
The goblin hits you but does no damage. x2; The hobgoblin misses you.
Robin hits you with a +0 mace.
You die...
Robin lets out a smug laugh.

#..##§§§..≈≈##..#
#..##≈.....≈##..#
#†##ß_.._.._ß##.#
#.######ß######.# #####.#
#.#####.# #.# ......###..#
..###.#
###....##..###..##..#
##....##..#..##g.#####
#...........ghg.....#
###...###...ggg.###.#
#.#.###..>....# ##
#.#.##.......).#
..###.#.##.........#
......#.##..........
....<.............†[..
.........##.....<.........
.........................


You could see Robin, 2 hobgoblins and 3 goblins.

Vanquished Creatures
  A jelly (D:3)
  Terence (D:2)
  An adder (D:3)
  A dart slug (D:2)
  An orc (D:3)
  7 bats
  9 endoplasms
  A giant cockroach (D:3)
  7 goblins
  5 hobgoblins
  6 jackals
  3 kobolds
  4 quokkas
  4 ball pythons
  4 frilled lizards (D:1)
  4 rats
59 creatures vanquished.

Notes
Turn   | Place    | Note
-------+----------+-------------------------------------------
     0 | D:1      | mainiacjoe the Draconian Shapeshifter began the quest for
                  | the Orb.
     0 | D:1      | Reached XP level 1. HP: 16/16 MP: 1/1
    80 | D:1      | Reached XP level 2. HP: 9/23 MP: 2/2
   840 | D:2      | Reached XP level 3. HP: 29/29 MP: 3/3
   846 | D:2      | Found a white marble altar of Elyvilon.
   872 | D:2      | Noticed Terence
   885 | D:2      | Killed Terence
   980 | D:2      | Reached skill level 4 in Unarmed Combat
  1373 | D:2      | Reached XP level 4. HP: 36/36 MP: 4/4
  1766 | D:3      | Found a glowing golden altar of the Shining One.
  1766 | D:3      | Found a sparkling altar of Nemelex Xobeh.
  1767 | D:3      | Found a snail-covered altar of Cheibriados.
  1799 | D:3      | Noticed Robin
  1809 | D:3      | Slain by Robin

Illustrated notes

Levels and vault maps discovered:
D:1:      minmay_arrival_four_houses, layout_basic
D:2:      layout_loops_ring, basic_altar, uniq_terence
D:3:      layout_rooms, gammafunk_temple_overflow_claw,
          nicolae_overflow_ecumenical_swirl, kennysheep_okawaru_gauntlet,
          uniq_ijyb, uniq_robin

Skill      XL: |  1  2  3 |
---------------+----------+-----
Fighting       | 2 |  2.6
Unarmed Combat | 4 |  4.5
Dodging        | |  1.7
Shapeshifting  | |  3.7

Action                     |  1- 3 |  4- 6 || total
---------------------------+-------+-------++-------
  Melee: Unarmed           |    75 |    42 ||   117
         Tailslap          |     5 |     3 ||     8
         Punch             |     1 |     1 ||     2
   Fire: Sling             |    15 |    13 ||    28
  Throw: Stone             |     3 |    17 ||    20
    Use: Scroll            |     6 |     2 ||     8
         Potion            |     1 |     1 ||     2
 Armour: Skin              |    46 |    54 ||   100
  Dodge: Dodged            |    51 |    41 ||    92

Table legend: (Time is in decaauts)
 A = Elapsed time spent in this place.
 B = Non-inter-level travel time spent in this place.
 C = Inter-level travel time spent in this place.
 D = Time resting spent in this place.
 E = Time spent auto-exploring this place.
 F = Levels seen in this place.
 G = Mean time per level.
                   A        B        C        D        E       F      G
               +--------+--------+--------+--------+--------+-----+--------+
         Total |   1811 |   1776 |     35 |    101 |   1326 |   3 |  603.7 |
       Dungeon |   1811 |   1776 |     35 |    101 |   1326 |   3 |  603.7 |
               +--------+--------+--------+--------+--------+-----+--------+

Top non-repeatable levels by time:
     D:2: 793 daAuts
     D:1: 774 daAuts
     D:3: 243 daAuts
